 Dungeon Crawl Stone Soup version 0.28-a0-674-gdaf460b524 (webtiles) character file.

Game seed: 10757502354746573519

38 cheechan the Cudgeller (level 3, 0/26 HPs)
             Began as an Octopode Chaos Knight on Oct 17, 2021.
             Was a Plaything of Xom.
             Succumbed to an adder's poison
             ... on level 2 of the Dungeon.
             The game lasted 00:05:11 (1835 turns).

cheechan the Cudgeller (Octopode Chaos Knight)      Turns: 1835, Time: 00:05:11

Health: 0/26       AC:  1    Str: 11    XL:     3   Next: 43%
Magic:  3/3        EV: 10    Int: 14    God:    Xom [..*...]
Gold:   37         SH:  0    Dex: 12    Spells: 2/2 levels left

rFire   . . .      SeeInvis .   a - +0 mace (chaos)
rCold   . . .      Faith    .   (no shield)
rNeg    . . .      Spirit   .   (helmet restricted)
rPois   .          Reflect  .   (no amulet)
rElec   .          Harm     .   (no ring)
rCorr   .          Rampage  .   (no ring)
Will    .....                   (no ring)
Stlth   +++.......              (no ring)
HPRegen 0.08/turn               (no ring)
MPRegen 0.08/turn               (no ring)
                                (no ring)
                                (no ring)

@: lethally poisoned (0 -> -7), weak-willed, constricted
A: almost no armour, amphibious, 8 rings, camouflage 1, gelatinous body 1,
(nimble swimmer 1), tentacles
a: Renounce Religion


You were on level 2 of the Dungeon.
You worshipped Xom.
You were a toy of Xom.
You visited 1 branch of the dungeon, and saw 2 of its levels.

You collected 37 gold pieces.

Inventory:

Hand Weapons
 a - a +0 mace of chaos (weapon)
Missiles
 c - 51 stones (quivered)
 d - 29 sling bullets
 g - 18 arrows
 i - 27 bolts
Wands
 h - a wand of iceblast (9)
Scrolls
 e - 2 scrolls of vulnerability
Potions
 b - a potion of flight
 f - a potion of brilliance


   Skills:
 + Level 3.5 Fighting
 + Level 3.6 Maces & Flails
 + Level 2.6 Dodging
 + Level 1.0 Stealth


You had 2 spell levels left.
You didn't know any spells.
Your spell library was empty.

Dungeon Overview and Level Annotations

Branches:
Dungeon (2/15)

Altars:


Innate Abilities, Weirdness & Mutations

You cannot wear most types of armour.
You are amphibious.
You can wear up to eight rings at the same time.
Your skin changes colour to match your surroundings (Stealth+).
Your rubbery body absorbs attacks. (AC +1, EV +1)
((You are camouflaged near water. (Stealth+)))
You have tentacles for arms and can constrict up to eight enemies at once.


Message History

You hit the hobgoblin.
You kill the hobgoblin!
You see here a hobgoblin corpse.
You open the door.
There is an open door here.
You open the door.
There is an open door here.
You open the door.
There is an open door here.
You open the door.
A ball python and an adder come into view.
The adder hisses angrily.
The adder bites you.
You are poisoned.
The adder poisons you!
There is an open door here.
You closely miss the adder.
The ball python hisses angrily.
Your grab misses the adder.
You feel sick. The adder bites you. x2
You closely miss the adder. You grab the adder. You constrict the adder.
You feel sick. The adder bites you.
You are more poisoned.
The adder poisons you!
You hit the adder.
The adder goes berserk!
Xom is highly amused!
The adder is moderately wounded.
You constrict the adder.
You feel very sick. The adder barely misses you.
The ball python closely misses you. The ball python grabs you.
The ball python constricts you. The adder bites you!
* * * LOW HITPOINT WARNING * * *
The ball python bites you.
* * * LOW HITPOINT WARNING * * *
The ball python constricts you. The adder closely misses you.
Okay, then.
As you read the scroll labelled PAILINWAYNN, it crumbles to dust.
Magic quickly surges around you.
It was a scroll of vulnerability.
You constrict the adder.
You die...
Xom titters!

......................+
......#.######..###.##
#####....# ##.#
#...รท....# #.##
#.###........ #..#
'...#........ ##.#
#.#.#........ #.#
'.#.#........ #.# ###
#........ #@# #
#........ #SS......# #
+........ #........# #
#........# ..#
+........# #.#
#........# .#
#........# # #........#


You could see an adder (berserk, weak-willed) and a ball python (weak-willed).

Vanquished Creatures
  An adder (D:2)
  4 dart slugs
  A bat (D:2)
  An endoplasm (D:1)
  A giant cockroach (D:2)
  2 goblins (D:1)
  4 hobgoblins
  3 kobolds (D:1)
  A quokka (D:1)
  A frilled lizard (D:1)
  A rat (D:1)
20 creatures vanquished.

Notes
Turn   | Place    | Note
-------+----------+-------------------------------------------
     0 | D:1      | cheechan the Octopode Chaos Knight began the quest for the
                  | Orb.
     0 | D:1      | Reached XP level 1. HP: 16/16 MP: 1/1
   143 | D:1      | XOM: silly message
   200 | D:1      | XOM: silly message
   240 | D:1      | Found a faded altar of an unknown god.
   259 | D:1      | XOM: divination: magic mapping
   294 | D:1      | Reached XP level 2. HP: 11/21 MP: 2/2
   605 | D:1      | XOM: cloud trail
   775 | D:1      | XOM: cloud trail
   819 | D:1      | XOM: divination: magic mapping
  1166 | D:1      | XOM: noise
  1252 | D:1      | XOM: noise
  1493 | D:2      | Reached XP level 3. HP: 26/26 MP: 3/3
  1560 | D:2      | XOM is BORED!
  1560 | D:2      | XOM: 5-stop teleportation journey
  1565 | D:2      | Reached skill level 1 in Stealth
  1835 | D:2      | Succumbed to an adder's poison

Illustrated notes

Levels and vault maps discovered:
D:1:      minmay_arrival_split_and_join, layout_basic,
          ebering_ecumenical_altar_mist, minmay_fountain_box,
          amcnicky_mini_corridor_feature
D:2:      layout_basic, minmay_misc_feat_chi

Skill      XL: |  1  2  3 |
---------------+----------+-----
Stealth        | 1 |  1.0
Fighting       | |  3.5
Maces & Flails | |  3.6
Dodging        | |  2.6

Action                   || total
-------------------------++-------
Melee: Mace              ||    47
       Constrict         ||    14
       Tentacles         ||     7
  Use: Scroll            ||     5
 Stab: Sleeping          ||     3
Armor: Skin              ||     3
Dodge: Dodged            ||    32

Table legend: (Time is in decaauts)
 A = Elapsed time spent in this place.
 B = Non-inter-level travel time spent in this place.
 C = Inter-level travel time spent in this place.
 D = Time resting spent in this place.
 E = Time spent auto-exploring this place.
 F = Levels seen in this place.
 G = Mean time per level.
                   A        B        C        D        E       F      G
               +--------+--------+--------+--------+--------+-----+--------+
         Total |   1845 |   1845 |      0 |    667 |      0 |   2 |  922.5 |
       Dungeon |   1845 |   1845 |      0 |    667 |      0 |   2 |  922.5 |
               +--------+--------+--------+--------+--------+-----+--------+

Top non-repeatable levels by time:
     D:1: 1498 daAuts
     D:2: 347 daAuts
